 Dungeon Crawl Stone Soup version 0.26.1-2-gb8aa6d0cf2 (webtiles) character file.

Game seed: 15549724959083888825

214 H0rd4k the Charlatan (level 6, -5/44 HPs)
             Began as a Human Artificer on Feb 8, 2021.
             Killed by divine providence
             ... invoked by an orc priest
              (13 damage)
             ... on level 4 of the Dungeon.
             The game lasted 00:04:28 (4207 turns).

H0rd4k the Charlatan (Human Artificer)              Turns: 4207, Time: 00:04:29

Health: -5/44      AC:  3    Str: 14    XL:     6   Next: 14%
Magic:  6/6        EV: 12    Int: 11    God:
Gold:   166        SH:  0    Dex: 14    Spells: 5/5 levels left

rFire    + . .     SeeInvis .   y - +0 hand axe (venom)
rCold    . . .     Faith    .   (no shield)
rNeg     . . .     Spirit   .   b - +0 leather armour
rPois    .         Reflect  .   (no helmet)
rElec    .         Harm     .   (no cloak)
rCorr    .         Rampage  .   (no gloves)
Will     .....                  (no boots)
Stlth    ++........             q - amulet of regeneration
HPRegen  0.54/turn              t - ring of protection from fire
MPRegen  0.10/turn              (no ring)

@: no status effects
A: no striking features
a: no special abilities


You were on level 4 of the Dungeon.
You visited 1 branch of the dungeon, and saw 4 of its levels.

You collected 166 gold pieces.

Inventory:

Hand Weapons
 a - a +0 club
 g - a +0 dagger
 y - a +0 hand axe of venom (weapon)
Missiles
 l - 5 javelins
Armour
 b - a +0 leather armour (worn)
Jewellery
 q - an amulet of regeneration (around neck)
 t - a ring of protection from fire (left hand)
Wands
 c - a wand of flame (5) (quivered)
 d - a wand of enslavement (11)
 e - a wand of random effects (11)
Scrolls
 h - a scroll of blinking {unknown}
 i - 6 scrolls of identify {unknown}
 k - 2 scrolls of random uselessness {unknown}
 m - a scroll of enchant weapon {unknown}
 p - 2 scrolls of remove curse {unknown}
 s - a scroll of amnesia {unknown}
 u - a scroll of teleportation {unknown}
 x - a scroll of fear {unknown}
Potions
 f - 4 potions of curing {unknown}
 j - a potion of degeneration {unknown}
 n - a potion of heal wounds {unknown}
 o - a potion of resistance {unknown}
 r - a potion of mutation {unknown}
 v - a potion of cancellation {unknown}
 w - 2 potions of magic {unknown}
 z - a potion of flight {unknown}


   Skills:
 + Level 2.0 Fighting
 + Level 1.5 Short Blades
 + Level 0.3 Axes
 + Level 3.1 Armour
 + Level 2.2 Dodging
 + Level 2.3 Stealth
 + Level 4.0 Evocations


You had 5 spell levels left.
You didn't know any spells.
Your spell library was empty.

Dungeon Overview and Level Annotations

Branches:
Dungeon (4/15)
 Temple: D:4-7

Altars:
Kikubaaqudgha
Qazlal

Annotations:
D:2 1 runed translucent door, exclusion: door, Crazy Yiuf


Message History

The orc's wounds heal themselves!
The orc barely misses you.
Unknown command.
You hit the orc priest.
The orc priest looks as sick as possible!
The orc priest is severely wounded.
You hit the orc.
The orc looks as sick as possible!
You kill the orc!
The orc barely misses you.
The orc priest mumbles some strange prayers to Beogh against you.
Pain shoots through your body!
You closely miss the orc priest.
The orc priest is severely wounded.
The orc priest invokes the aid of Beogh against you.
Beogh smites you!
* * * LOW HITPOINT WARNING * * *
The orc closely misses you.
An orc comes into view. It is wielding a +0 flail.
The orc priest invokes the aid of Beogh against you.
Beogh smites you!
You die...

#.......###.#.≈≈≈≈≈#≈.
+.......#...≈#≈≈≈≈≈≈≈≈
#.......#.##≈≈≈≈≈≈≈≈≈≈
#.......##†≈≈≈≈≈≈≈≈≈#≈
#.......##≈≈≈≈≈≈≈≈≈≈≈≈
#.......#≈≈≈≈.≈≈≈≈≈#≈≈
#........≈≈≈.#≈≈)..≈..
#.........≈≈....(<.8.<
#....@..#≈≈≈..≈≈...≈≈.
##..)o#.#≈≈≈≈#≈#≈≈#≈##
####o#.###≈≈≈≈≈≈≈≈≈≈≈
#####o#.##.≈≈≈≈≈≈≈≈≈≈≈
....o...†.#≈≈≈≈≈≈≈≈≈≈≈
......#.....≈≈≈#≈≈≈≈≈≈
..............≈≈≈≈≈≈≈.
.............##≈≈.≈≈##
##.#..#...#.#####.####


You could see an orc priest (extremely poisoned) and 3 orcs.

Vanquished Creatures
  A bullfrog skeleton (D:4)
  A hound (D:4)
  A worker ant (D:4)
  3 adders (D:3)
  An ooze (D:2)
  2 worms
  12 dart slugs
  3 leopard geckos
  An orc (D:4)
  A ball python (D:2)
  3 giant cockroaches
  6 goblins
  6 hobgoblins
  6 jackals
  2 quokkas
  8 bats
  3 frilled lizards
  7 kobolds
  5 rats
72 creatures vanquished.

Vanquished Creatures (collateral kills)
  A dart slug (D:4)
1 creature vanquished.

Vanquished Creatures (others)
  An adder (D:3)
  A dart slug (D:2)
  A hobgoblin (D:2)
  2 fungi (D:2)
5 creatures vanquished.

Grand Total: 78 creatures vanquished

Notes
Turn   | Place    | Note
-------+----------+-------------------------------------------
     0 | D:1      | H0rd4k the Human Artificer began the quest for the Orb.
     0 | D:1      | Reached XP level 1. HP: 15/15 MP: 1/1
   203 | D:1      | Reached XP level 2. HP: 21/21 MP: 2/2
   534 | D:1      | Reached XP level 3. HP: 23/26 MP: 3/3
  1968 | D:2      | Reached XP level 4. HP: 21/32 MP: 4/4
  2591 | D:2      | Found a runed translucent door.
  2600 | D:2      | Noticed Crazy Yiuf
  2842 | D:3      | Found an ancient bone altar of Kikubaaqudgha.
  2996 | D:3      | Reached skill level 1 in Short Blades
  3555 | D:3      | Found a stormy altar of Qazlal.
  3638 | D:4      | Reached XP level 5. HP: 8/37 MP: 5/5
  3895 | D:4      | Reached skill level 4 in Evocations
  4074 | D:4      | Reached XP level 6. HP: 10/44 MP: 6/6
  4207 | D:4      | Killed from afar by an orc priest

Illustrated notes

Levels and vault maps discovered:
D:1:      kennysheep_arrival_seaside, layout_rooms, minmay_pentomino_x4
D:2:      layout_loops_cross, uniq_crazy_yiuf_cottage
D:3:      layout_loops_ring, lemuel_round_altar, kiku_gazebo_pond_becter
D:4:      kennysheep_slugbush, layout_basic, enter_ossuary_1

Skill      XL: |  1  2  3  4  5 |
---------------+----------------+-----
Short Blades   | 1 |  1.5
Stealth        | 2 |  2.3
Dodging        | 2 |  2.2
Armour         | 3 |  3.1
Evocations     | 4 |  4.0
Fighting       | 2 |  2.0
Axes           | |  0.3

Action                   |  1- 3 |  4- 6 || total
-------------------------+-------+-------++-------
Melee: Club              |    21 |       ||    21
       Dagger            |   157 |   169 ||   326
       Hand axe          |       |    53 ||    53
Evoke: Wand              |     4 |    14 ||    18
 Stab: Paralysed         |     5 |     2 ||     7
       Sleeping          |       |     4 ||     4
Armor: Leather armour    |    56 |    48 ||   104
Dodge: Dodged            |   112 |   148 ||   260
